 Dungeon Crawl Stone Soup version 0.21.1-1-g345015f (webtiles) character file.

3938 cultivahabas the Spear-Bearer (level 10, -7/82 HPs)
             Began as a Merfolk Monk on May 9, 2018.
             Was a Believer of Nemelex Xobeh.
             Killed from afar by an electric eel (11 damage)
             ... with a bolt of electricity
             ... on level 9 of the Dungeon.
             The game lasted 00:47:54 (13659 turns).

cultivahabas the Spear-Bearer (Merfolk Monk)       Turns: 13659, Time: 00:47:54

Health: -7/82      AC:  5    Str: 12    XL:     10   Next: 21%
Magic:  14/14      EV: 17    Int: 15    God:    Nemelex Xobeh [**....]
Gold:   410        SH:  0    Dex: 17    Spells: 3/9 levels left

rFire    + . .     SeeInvis .   O - +0 glaive
rCold    . . .     Gourm    .   (shield currently unavailable)
rNeg     . . .     Faith    .   i - +2 robe {Archmagi}
rPois    .         Spirit   .   (no helmet)
rElec    .         Reflect  .   (no cloak)
rCorr    .         Harm     .   f - +0 pair of gloves
MR       .....                  (boots currently unavailable)
Stlth    ++++......             (no amulet)
HPRegen  0.23/turn              h - +3 ring of intelligence
MPRegen  0.14/turn              r - ring of protection from fire

@: about to teleport, very slightly contaminated, hasted, drained, very quick
A: change form in water, swift swim, stealthy swim
a: Renounce Religion


You were on level 9 of the Dungeon.
You worshipped Nemelex Xobeh.
Nemelex Xobeh was pleased with you.
You were very hungry.

You visited 2 branches of the dungeon, and saw 11 of its levels.
You also visited: Sewer and Ossuary.

You collected 452 gold pieces.
You spent 42 gold pieces at shops.

Inventory:

Hand Weapons
 J - a +0 spear of flaming
 O - a +0 glaive (weapon)
Missiles
 x - 126 stones (quivered)
Armour
 f - a +0 pair of gloves (worn)
 i - a +2 robe of the Archmagi (worn)
 F - a +0 shield
Jewellery
 h - a +3 ring of intelligence (left hand)
 q - a cursed +5 ring of intelligence
 r - a ring of protection from fire (right hand)
Wands
 o - a wand of polymorph (19)
 A - a wand of disintegration (15)
 I - a wand of acid (10)
Scrolls
 b - 2 scrolls of identify
 d - a scroll of magic mapping
 g - 5 scrolls of remove curse
 n - 3 scrolls of fear
 t - a scroll of teleportation
 v - a scroll of amnesia
 E - a scroll of enchant armour
Potions
 a - a potion of lignification {unknown}
 j - 2 potions of mutation
 k - a potion of ambrosia {unknown}
 l - a potion of berserk rage {unknown}
 m - a potion of might {unknown}
 p - 4 potions of magic
 s - a potion of haste
 u - 5 potions of flight
 w - a potion of invisibility
 z - a potion of agility {unknown}
 B - 4 potions of curing
Books
 C - a book of Geomancy

   Spells                             Type                      Level
   a - Sandblast                      Earth                        1
   b - Passwall                       Transmutation/Earth          2
   c - Stone Arrow                    Conjuration/Earth            3
   d - Petrify                        Transmutation/Earth          4
   e - Lee's Rapid Deconstruction     Earth                        5
 G - a book of Callings

   Spells                             Type                      Level
   a - Summon Small Mammal            Summoning                    1
   b - Call Imp                       Summoning                    2
   c - Call Canine Familiar           Summoning                    3
   d - Summon Guardian Golem          Hexes/Summoning              3
   e - Summon Lightning Spire         Summoning/Air                4
   f - Summon Ice Beast               Ice/Summoning                4
 H - a book of Maledictions

   Spells                             Type                      Level
   a - Corona                         Hexes                        1
   b - Ensorcelled Hibernation        Hexes/Ice                    2
   c - Confuse                        Hexes                        3
   d - Tukima's Dance                 Hexes                        3
   e - Dazzling Spray                 Conjuration/Hexes            3
Miscellaneous
 y - an ornate deck of summoning {drawn: 4}
 L - a plain deck of escape {drawn: 5}
 M - a plain deck of escape
Comestibles
 c - 15 rations


   Skills:
 + Level 8.6(7.6) Fighting
 * Level 13.4(12.2) Polearms
 - Level 0.2(0.0) Armour
 - Level 4.0(3.1) Dodging
 - Level 5.9(5.0) Stealth
 - Level 4.1(3.2) Shields
 * Level 5.5(4.5) Invocations


You had 3 spell levels left.
You knew the following spells:

 Your Spells              Type           Power        Failure   Level  Hunger
a - Summon Ice Beast      Ice/Summ       #.......     95%         4    #####..
b - Ensorcelled Hibernat  Hex/Ice        #.....       38%         2    ###....


Dungeon Overview and Level Annotations

Branches:
Dungeon (10/15)            Temple (1/1) D:7
   Lair: D:8-11         Orc: D:9-12

Altars:
Ashenzari
Cheibriados
Dithmenos
Elyvilon
Fedhas
Gozag
Hepliaklqana
Kikubaaqudgha
Makhleb
Nemelex Xobeh
Okawaru
Qazlal
Ru
Sif Muna
Trog
Uskayaw
Vehumet
Wu Jian
Xom
Yredelemnul
Zin
The Shining One

Shops:
D:9 !

Annotations:
D:5 vatarom's ghost, novice DsTm
D:10 1 runed door


Message History

Your legs become a tail as you dive into the water.
Floosh!
A frost giant comes into view. It is wielding a battleaxe of freezing.
The frost giant shouts!
A frost giant is nearby!
A frost giant is nearby!
An ice beast comes into view.
Found a ration.
An ice beast comes into view.
The frost giant casts a spell at you. The bolt of cold misses you.
An electric eel comes into view.
An ice beast comes into view.
An electric eel comes into view.
As you read the scroll of teleportation, it crumbles to dust.
You feel strangely unstable.
The electric eel shoots out a bolt of lightning at you!
The bolt of electricity hits you!
You die...
Your body disappears without a glow.

##≈.# #≈≈≈##..#
#≈≈≈≈##≈≈≈C.%.#
#≈≈≈≈≈≈≈§§≈....
#≈≈≈≈≈§§#≈≈....#
≈≈≈≈≈≈§≈≈####..##
≈≈≈≈≈≈≈≈≈# #≈#≈#
≈≈≈≈≈≈≈≈≈####≈≈;≈≈
≈≈≈
≈≈≈≈≈≈≈Y≈≈≈≈≈≈≈≈≈≈
≈≈≈≈
Y≈≈≈≈≈≈≈≈≈@####≈≈
≈≈≈≈ ≈≈≈≈≈≈≈≈≈≈##
≈≈≈≈ ≈≈;≈≈≈≈###
≈≈≈≈≈≈ ≈≈≈≈≈≈Y
≈≈≈≈≈≈ ≈≈≈≈≈≈#
≈≈≈≈≈≈ ≈≈≈≈≈≈
≈≈≈≈≈≈ ≈≈≈≈≈
≈≈Y≈≈≈ ≈≈≈≈≈≈


You could see an ice beast and 2 electric eels.

Vanquished Creatures
  A two-headed ogre (D:8)
  A water moccasin (D:6)
  Purgy (Sewer)
  Duvessa (D:6)
  2 phantoms
  A sky beast (D:7)
  2 ice beasts
  An ogre (D:6)
  2 centaurs
  A big kobold (D:10)
  5 bullfrogs
  Dowan (D:6)
  3 scorpions
  7 wights
  An electric eel (D:9)
  3 howler monkeys
  3 crimson imps
  A centaur zombie (Ossuary)
  A hound (D:10)
  A human zombie (Ossuary)
  A centaur skeleton (D:6)
  An orc priest (D:4)
  9 orc wizards
  An iguana (D:6)
  6 worker ants
  A hound zombie (D:5)
  5 mummies (Ossuary)
  8 adders
  7 gnolls
  A river rat (D:3)
  2 shadow imps
  An ooze (D:3)
  2 adder zombies
  An adder skeleton (D:6)
  2 dart slugs (D:1)
  2 worms (D:2)
  8 leopard geckos
  30 orcs
  4 bats
  2 giant cockroaches (D:3)
  2 gnoll zombies (Ossuary)
  12 goblins
  7 hobgoblins
  2 jackals
  10 kobolds
  2 quokkas
  2 ball pythons
  11 frilled lizards
  2 goblin zombies (Ossuary)
  A hobgoblin zombie (Ossuary)
  A jackal skeleton (D:4)
  An orc zombie (Ossuary)
  A quokka zombie (D:3)
  9 rats
196 creatures vanquished.

Vanquished Creatures (collateral kills)
  The ghost of vatarom the Arsonist, a novice DEFE of Vehumet (D:8)
  2 ice beasts (D:9)
  3 wights
  A howler monkey (D:8)
7 creatures vanquished.

Grand Total: 203 creatures vanquished

Notes
Turn   | Place    | Note
-------+----------+-------------------------------------------
     0 | D:1      | cultivahabas the Merfolk Monk began the quest for the Orb.
     0 | D:1      | Reached XP level 1. HP: 18/18 MP: 1/1
   100 | D:1      | Reached skill level 5 in Polearms
   100 | D:1      | Reached XP level 2. HP: 21/24 MP: 2/2
   820 | D:2      | Reached XP level 3. HP: 30/30 MP: 3/3
  1321 | D:2      | Found a radiant altar of Vehumet.
  1634 | D:2      | Found a snail-covered altar of Cheibriados.
  1900 | D:3      | Reached skill level 6 in Polearms
  1922 | D:3      | Reached XP level 4. HP: 36/37 MP: 4/4
  1980 | D:3      | Found a glowing drain.
  2012 | Sewer    | Entered a sewer
  2093 | Sewer    | Noticed Purgy
  2593 | Sewer    | Killed Purgy
  2593 | Sewer    | Reached skill level 7 in Polearms
  2593 | Sewer    | Reached XP level 5. HP: 27/43 MP: 5/5
  2833 | D:3      | Reached XP level 6. HP: 41/49 MP: 6/6
  3162 | D:2      | HP: 2/50 [orc/flail (8)]
  3410 | D:3      | Reached skill level 8 in Polearms
  3535 | D:3      | Reached skill level 5 in Fighting
  3909 | D:4      | Reached XP level 7. HP: 49/56 MP: 7/7
  4781 | D:4      | Reached skill level 9 in Polearms
  5017 | D:4      | Reached skill level 5 in Stealth
  5879 | D:5      | Entered Level 5 of the Dungeon
  5918 | D:5      | Noticed vatarom's ghost (novice DsTm)
  6767 | D:5      | Found a sacrificial altar of Ru.
  6774 | D:5      | Found an ornate altar of the Wu Jian Council.
  7122 | D:6      | Reached skill level 10 in Polearms
  7122 | D:6      | Reached skill level 1 in Shields
  7122 | D:6      | Reached XP level 8. HP: 55/64 MP: 8/8
  7151 | D:6      | Noticed Dowan
  7191 | D:6      | Noticed Duvessa
  7249 | D:6      | Killed Duvessa
  7261 | D:6      | Killed Dowan
  7626 | D:6      | Found a sand-covered staircase.
  7630 | Ossuary  | Entered an ossuary
  8126 | D:6      | Reached skill level 11 in Polearms
  8167 | D:6      | Learned a level 4 spell: Summon Ice Beast
  8170 | D:6      | Learned a level 2 spell: Ensorcelled Hibernation
  8835 | D:7      | Reached XP level 9. HP: 52/71 MP: 9/9
  9127 | D:7      | Reached skill level 12 in Polearms
  9597 | D:7      | Found a staircase to the Ecumenical Temple.
  9737 | Temple   | Entered the Ecumenical Temple
  9826 | Temple   | Became a worshipper of Nemelex Xobeh the Trickster
  9826 | Temple   | Received a gift from Nemelex Xobeh
  9826 | Temple   | Reached * piety under Nemelex Xobeh
  9826 | Temple   | Received a gift from Nemelex Xobeh
  9826 | Temple   | Reached ** piety under Nemelex Xobeh
 10048 | D:8      | Noticed vatarom's ghost (novice DEFE)
 10550 | D:8      | Found a sparkling altar of Nemelex Xobeh.
 10550 | D:8      | Noticed a two-headed ogre
 10577 | D:7      | Reached skill level 1 in Invocations
 12478 | D:8      | Received a gift from Nemelex Xobeh
 12495 | D:8      | Killed vatarom's ghost
 12528 | D:8      | Noticed a two-headed ogre
 12540 | D:8      | Killed a two-headed ogre
 12633 | D:8      | You fall through a shaft for 2 floors!
 12633 | D:10     | Entered Level 10 of the Dungeon
 12683 | D:10     | Reached XP level 10. HP: 48/81 MP: 13/13
 12693 | D:10     | Reached skill level 13 in Polearms
 12716 | D:10     | Reached skill level 5 in Invocations
 12831 | D:10     | Found a runed door.
 12857 | D:9      | Found Oboirph's Distillery.
 12868 | D:9      | Bought a potion of curing for 42 gold pieces
 13636 | D:9      | HP: 1/82 [electric eel/bolt of electricity (7)]
 13649 | D:9      | Noticed a frost giant
 13659 | D:9      | Killed from afar by an electric eel

Skill      XL: |  1  2  3  4  5  6  7  8  9 10 |
---------------+-------------------------------+-----
Polearms       | 5 6 7 8 10 11 12 13 | 13.4
Fighting       | 4 5 6 8 |  8.6
Stealth        | 3 4 5 |  5.9
Shields        | 1 3 4 |  4.1
Invocations    | 4 5 |  5.5
Armour         | |  0.2
Dodging        | |  4.0

Action                   |  1- 3 |  4- 6 |  7- 9 | 10-12 || total
-------------------------+-------+-------+-------+-------++-------
Melee: Spear             |   117 |   240 |   551 |       ||   908
       Tailslap          |     1 |    14 |       |       ||    15
       Trident           |       |    52 |   131 |       ||   183
       Glaive            |       |       |    36 |    67 ||   103
Throw: Stone             |       |       |    10 |     2 ||    12
Evoke: Deck              |       |       |     4 |     5 ||     9
  Use: Potion            |       |     2 |     6 |     2 ||    10
       Scroll            |       |     1 |    21 |     4 ||    26
 Stab: Sleeping          |     2 |     3 |    14 |     1 ||    20
       Distracted        |       |     2 |       |     2 ||     4
       Invisible         |       |       |     4 |       ||     4
       Fleeing           |       |       |     1 |       ||     1
  Eat: Chunk             |     3 |     6 |    11 |     2 ||    22
       Ration            |       |       |     5 |       ||     5
Armor: Robe              |     7 |       |    48 |     6 ||    61
       Ring mail         |     1 |       |       |       ||     1
       Leather armour    |     8 |    38 |    17 |       ||    63
Dodge: Dodged            |    32 |   157 |   169 |    39 ||   397
Block: Shield            |       |       |   117 |       ||   117
